 Dungeon Crawl Stone Soup version 0.21.0-3-g78d12a8 (webtiles) character file.

406 inmateoo the Chopper (level 6, -8/57 HPs)
             Began as a Deep Dwarf Fighter on Jan 13, 2018.
             Mangled by newuser's ghost (12 damage)
             ... on level 3 of the Dungeon.
             The game lasted 00:02:35 (1528 turns).

inmateoo the Chopper (Deep Dwarf Fighter)           Turns: 1528, Time: 00:02:35

Health: -8/57      AC: 10    Str: 21    XL:     6   Next: 56%
Magic:  5/5        EV:  5    Int:  9    God:
Gold:   203        SH: 10    Dex: 12    Spells: 5/5 levels left

rFire    . . .     SeeInvis .   a - +0 war axe
rCold    . . .     Gourm    .   c - +0 shield
rNeg     . . .     Faith    .   s - +0 chain mail
rPois    .         Spirit   .   q - +0 helmet
rElec    .         Reflect  .   (no cloak)
rCorr    .         Harm     .   (no gloves)
MR       .....                  (no boots)
Stlth    ..........             (no amulet)
HPRegen  0.00/turn              g - ring of flight
MPRegen  0.09/turn              (no ring)

@: non-regenerating
A: damage resistance, heal wounds, sense surroundings 1, no regeneration
a: Heal Wounds, Evoke Flight


You were on level 3 of the Dungeon.
You were hungry.

You visited 1 branch of the dungeon, and saw 3 of its levels.

You collected 203 gold pieces.

Inventory:

Hand Weapons
 a - a +0 war axe (weapon)
Armour
 c - a +0 shield (worn)
 q - a +0 helmet (worn)
 s - a +0 chain mail (worn)
Jewellery
 g - a ring of flight (left hand)
Wands
 p - a wand of flame (24)
Scrolls
 e - 2 scrolls of teleportation
 o - 3 scrolls of identify
Potions
 b - a potion of curing {unknown}
 d - a potion of might
 h - 3 potions of flight {unknown}
 i - 2 potions of berserk rage {unknown}
 j - a potion of invisibility {unknown}
 k - a potion of degeneration {unknown}
 l - a potion of haste
 m - a potion of ambrosia {unknown}
 n - 2 potions of mutation {unknown}
Comestibles
 f - 4 rations
 r - 2 chunks of flesh


   Skills:
 + Level 3.9 Fighting
 * Level 5.1 Axes
 + Level 4.6 Armour
 + Level 4.6 Shields


You had 5 spell levels left.
You didn't know any spells.

Dungeon Overview and Level Annotations

Branches:
Dungeon (3/15)

Altars:
Okawaru

Annotations:
D:3 newuser's ghost, amateur FoAK


Innate Abilities, Weirdness & Mutations

You are resistant to damage.
You can heal yourself by infusing magical energy.
You passively map a small area around you.
You do not regenerate.


Message History

Newuser's ghost is almost destroyed.
Newuser's ghost hits you!
Newuser's ghost hits you but does no damage.
You hit newuser's ghost but do no damage.
Newuser's ghost is almost destroyed.
Newuser's ghost hits you but does no damage.
You hit newuser's ghost.
Newuser's ghost is almost destroyed.
Newuser's ghost hits you!
You are too injured to fight recklessly!
Your shield and chain mail prevent you from hitting newuser's ghost.
Newuser's ghost is almost destroyed.
Newuser's ghost hits you!
* * * LOW HITPOINT WARNING * * *
Newuser's ghost hits you!
* * * LOW HITPOINT WARNING * * *
You hit newuser's ghost but do no damage.
Newuser's ghost is almost destroyed.
Newuser's ghost hits you!
You die...

* , #. ,# , #. ,. ,
#.###.** ### #.#..,
...., #.#.# * #.#..
####.#.######.....
#...†W.........##.###
#.###@.##.<..........
#........[..##.####.#
#..###.).##.##.# #.#
#..# ##.)##....# #.#
##.## ##..#.#### #.#
#..##....#.#######.#
#...#...##.........#
#......###..######.##
#.##..###..## #...


You could see newuser's ghost.

Vanquished Creatures
  Sigmund (D:3)
  Jessica (D:2)
  Terence (D:3)
  Natasha (thrice) (D:2)
  Robin (D:2)
  4 adders
  2 oozes
  2 dart slugs
  A leopard gecko (D:2)
  2 orcs (D:3)
  3 giant cockroaches
  14 goblins
  7 hobgoblins
  2 quokkas
  2 ball pythons
  6 bats
  4 frilled lizards
  6 kobolds
  6 rats
68 creatures vanquished.

Notes
Turn   | Place    | Note
-------+----------+-------------------------------------------
     0 | D:1      | inmateoo the Deep Dwarf Fighter began the quest for the Orb.
     0 | D:1      | Reached XP level 1. HP: 20/20 MP: 1/1
   319 | D:1      | Reached XP level 2. HP: 21/27 MP: 2/2
   504 | D:2      | Reached XP level 3. HP: 34/34 MP: 3/3
   579 | D:2      | Reached skill level 3 in Axes
   581 | D:2      | Noticed Robin
   603 | D:2      | Killed Robin
   667 | D:2      | Noticed Jessica
   673 | D:2      | Killed Jessica
   673 | D:2      | Reached XP level 4. HP: 39/42 MP: 3/3
   899 | D:2      | Noticed Natasha
   905 | D:2      | Killed Natasha
   924 | D:2      | Found an iron altar of Okawaru.
   973 | D:2      | Noticed Natasha
   981 | D:2      | Killed Natasha
   981 | D:2      | Reached skill level 4 in Axes
   981 | D:2      | Reached XP level 5. HP: 38/49 MP: 4/4
  1098 | D:2      | Noticed Natasha
  1107 | D:2      | Killed Natasha
  1394 | D:3      | Noticed Sigmund
  1404 | D:3      | Killed Sigmund
  1404 | D:3      | Reached skill level 5 in Axes
  1404 | D:3      | Reached XP level 6. HP: 52/57 MP: 5/5
  1405 | D:3      | Noticed Terence
  1415 | D:3      | Killed Terence
  1500 | D:3      | Noticed newuser's ghost (amateur FoAK)
  1528 | D:3      | Mangled by newuser's ghost

Skill      XL: |  1  2  3  4  5 |
---------------+----------------+-----
Fighting       | 3 |  3.9
Axes           | 3 4 5 |  5.1
Armour         | 4 |  4.6
Shields        | 4 |  4.6

Action                   |  1- 3 |  4- 6 || total
-------------------------+-------+-------++-------
Melee: War axe           |   111 |   126 ||   237
 Abil: Heal Wounds       |     2 |     2 ||     4
  Use: Scroll            |     2 |     2 ||     4
  Eat: Chunk             |       |     2 ||     2
Armor: Scale mail        |    51 |       ||    51
       Chain mail        |       |    62 ||    62
Dodge: Dodged            |    47 |    30 ||    77
Block: Shield            |    81 |    62 ||   143
